 Dungeon Crawl Stone Soup version 0.14-a0-770-g009d3a2 (webtiles) character file.

168 Malachi the Insei (level 4, -1/38 HPs)
             Began as a Naga Transmuter on Nov 10, 2013.
             Slain by Grinder (3 damage)
             ... on Level 3 of the Dungeon.
             The game lasted 00:04:22 (3531 turns).

Malachi the Ruffian (Naga Transmuter)               Turns: 3531, Time: 00:04:22

HP  -1/38        AC  2     Str 12      XL: 4   Next: 34%
MP   4/6         EV 10     Int 15      God:
Gold 91          SH  0     Dex 17      Spells:  3 memorised,  1 level left

Res.Fire  : . . .   See Invis. : +   b - 37 arrows
Res.Cold  : . . .   Warding    : .   c - +0 robe (curse)
Life Prot.: . . .   Conserve   : .   (no shield)
Res.Poison: +       Res.Corr.  : .   (no helmet)
Res.Elec. : .       Clarity    : .   (no cloak)
Sust.Abil.: . .     Spirit.Shd : .   (no gloves)
Res.Mut.  : .       Stasis     : .   (no barding)
Res.Rott. : .       Flight     : .   o - amulet of faith
Saprovore : . . .                    (no ring)
                                     x - +6 ring of dexterity

@: very slow, slightly resistant to hostile enchantments, unstealthy
A: spit poison, see invisible, deformed body, poison resistance, slowness 2, AC
+1
a: Spit Poison


You were on level 3 of the Dungeon.
You were very hungry.

You visited 1 branch of the dungeon, and saw 3 of its levels.

You collected 91 gold pieces.

Inventory:

Missiles
 b - 37 arrows (in hand)
Armour
 c - a cursed +0 robe (worn)
 l - a +0 orcish helmet
 s - a +0 buckler
 t - a cursed +0 shield
Magical devices
 r - a wand of magic darts (3)
Comestibles
 a - 3 bread rations
 f - a pear
 p - a banana
Scrolls
 e - 3 scrolls of identify
 g - a scroll of recharging {unknown}
 j - a scroll of noise
Jewellery
 k - a cursed ring of teleportation {unknown}
 o - an amulet of faith (around neck)
 x - a +6 ring of dexterity (left hand)
Potions
 h - 5 potions of curing {unknown}
 i - a potion of paralysis {unknown}
 m - 2 potions of heal wounds {unknown}
 n - a potion of cure mutation {unknown}
 q - a potion of restore abilities {unknown}
 v - a potion of agility {unknown}
Books
 d - a book of Changes

   Spells                             Type                      Level
   *Beastly Appendage                 Transmutation                1
   *Sticks to Snakes                  Transmutation                2
   *Spider Form                       Transmutation/Poison         3
   Ice Form                           Ice/Transmutation            4
   Blade Hands                        Transmutation                5


   Skills:
 + Level 1.1 Fighting
 + Level 2.0 Dodging
 + Level 0.4 Stealth
 * Level 4.4 Unarmed Combat
 - Level 2.0 Spellcasting
 * Level 2.4 Transmutations


You had one spell level left.
You knew the following spells:

 Your Spells              Type           Power        Failure   Level  Hunger
a - Beastly Appendage     Trmt           #.....       12%         1    #......
b - Sticks to Snakes      Trmt           #.........   14%         2    ###....
c - Spider Form           Trmt/Pois      #.........   43%         3    ####...


Dungeon Overview and Level Annotations

Branches:
Dungeon (3/27)

Altars:

Annotations:
D:3 Grinder


Innate Abilities, Weirdness & Mutations

You cannot wear boots.
You can spit poison.
Your serpentine skin is tough (AC +1).*
You have supernaturally acute eyesight.
Armour fits poorly on your strangely shaped body.*
Your system is resistant to poisons.*
You cover ground very slowly.*


Message History

* * * LOW HITPOINT WARNING * * *
The giant cockroach bites you.
* * * LOW HITPOINT WARNING * * *
Grinder completely misses you.
The giant cockroach bites you but does no damage.
Your ball python bites the giant cockroach but does no damage.
Your ball python grabs the giant cockroach.
Your ball python constricts the giant cockroach.
You can move again.
The giant cockroach barely misses you.
Your ball python bites Grinder but does no damage.
Your ball python constricts the giant cockroach.
The giant cockroach barely misses you.
Read which item? (? for menu, Esc to quit)
As you read the scroll labeled GIGHUX JUCW, it crumbles to dust.
Your +0 robe glows black for a moment.
It was a scroll of curse armour.
Your ball python closely misses Grinder.
Your ball python constricts the giant cockroach.
Grinder hits you.
You die...

.. .........## ####'####
#......... ##.......#
#......... ''.......#
#......... .$......###
#######5## .. #.......#
#.##
.....#.......#########...
.......!5s..)'.......'...
.....###@S...#########...
# #.....# #.....#.##
........# #.###.#(##
.$.....### #.#^.....(
......######'#.###.##
......##...........#.
.......##.......#...#.
########......##.#.#.
#...........#.


You could see Grinder, a giant cockroach and a friendly ball python.

Vanquished Creatures
  Jessica (D:2)
  An adder (D:2)
  2 worms (D:2)
  An ooze (D:1)
  6 bats
  2 giant cockroaches (D:3)
  7 hobgoblins
  8 goblins
  3 kobolds
  6 rats
37 creatures vanquished.

Vanquished Creatures (collateral kills)
  A rat (D:3)
1 creature vanquished.

Grand Total: 38 creatures vanquished

Notes
Turn   | Place    | Note
--------------------------------------------------------------
     0 | D:1      | Malachi, the Naga Transmuter, began the quest for the Orb.
     0 | D:1      | Reached XP level 1. HP: 18/18 MP: 1/1
   517 | D:1      | Reached XP level 2. HP: 15/25 MP: 0/3
  1431 | D:2      | Reached XP level 3. HP: 19/31 MP: 4/4
  1444 | D:2      | Learned a level 2 spell: Sticks to Snakes
  1448 | D:2      | Learned a level 3 spell: Spider Form
  1657 | D:2      | Reached skill level 4 in Unarmed Combat
  2077 | D:2      | Noticed Jessica
  2082 | D:2      | Killed Jessica
  2082 | D:2      | Reached XP level 4. HP: 3/38 MP: 6/6
  2761 | D:3      | Noticed Grinder
  3504 | D:3      | Paralysed by Grinder for 4 turns
  3514 | D:3      | Paralysed by Grinder for 4 turns
  3523 | D:3      | Paralysed by Grinder for 7 turns
  3531 | D:3      | Slain by Grinder

Action                   |  1- 3 |  4- 6 || total
-------------------------+-------+-------++-------
Melee: Unarmed           |   108 |    56 ||   164
 Cast: Beastly Appendage |     5 |       ||     5
       Sticks to Snakes  |       |     3 ||     3
 Abil: Spit Poison       |     6 |       ||     6
  Use: Scroll            |       |     7 ||     7
